 Dungeon Crawl Stone Soup version 0.25-a0-1137-g7f6bfe439b (webtiles) character file.

Game seed: 15352254868990341488, levelgen mode: deterministic

2574 Aviak the Spear-Bearer (level 9, -4/84 HPs)
             Began as a Tengu Berserker on May 23, 2020.
             Was a High Priest of Trog.
             Blown up by Pikel (5 damage)
             ... with a disintegration bolt
             ... on level 7 of the Dungeon.
             The game lasted 00:08:57 (6939 turns).

Aviak the Spear-Bearer (Tengu Berserker)            Turns: 6939, Time: 00:08:57

Health: -4/84      AC:  5    Str: 23    XL:     9   Next: 57%
Magic:  10/10      EV: 22    Int:  9    God:    Trog [*****.]
Gold:   410        SH:  0    Dex: 16    Spells: 8/8 levels left

rFire    + . .     SeeInvis .   a - +3 trident
rCold    . . .     Gourm    .   (no shield)
rNeg     . . .     Faith    .   n - +1 leather armour {rF+}
rPois    .         Spirit   .   (helmet restricted)
rElec    .         Reflect  .   (no cloak)
rCorr    .         Harm     .   b - +0 pair of gloves
MR       .....                  (boots unavailable)
Stlth    ..........             (no amulet)
HPRegen  0.24/turn              i - +6 ring of strength
MPRegen  0.12/turn              E - +4 ring of evasion

@: berserking (expiring), flying quickly and evasively, very quick
A: beak, talons 3, able to fly
a: Stop Flying, Berserk, Trog's Hand, Brothers in Arms, Renounce Religion


You were on level 7 of the Dungeon.
You worshipped Trog.
Trog was extremely pleased with you.
You were near starving.

You visited 2 branches of the dungeon, and saw 8 of its levels.

You collected 410 gold pieces.

Inventory:

Hand Weapons
 a - a +3 trident (weapon)
Armour
 b - a +0 pair of gloves (worn)
 n - a +1 leather armour of fire resistance (worn)
Jewellery
 i - a +6 ring of strength (left hand)
 E - a +4 ring of evasion (right hand)
 M - an uncursed ring of protection from magic
Wands
 m - a wand of flame (52)
 o - a wand of paralysis (12)
 r - a wand of enslavement (9)
Scrolls
 d - a scroll of random uselessness {unknown}
 e - a scroll of immolation {unknown}
 l - 2 scrolls of amnesia {unknown}
 p - 2 scrolls of enchant armour {unknown}
 s - 2 scrolls of teleportation {unknown}
 t - a scroll of magic mapping {unknown}
 v - a scroll of fog {unknown}
 x - a scroll of blinking
Potions
 c - 2 potions of curing
 f - 3 potions of might
 h - a potion of heal wounds
 j - a potion of stabbing
 k - 3 potions of flight
 q - a potion of brilliance
Comestibles
 g - 20 rations


   Skills:
 + Level 6.4 Fighting
 + Level 10.5 Polearms
 + Level 3.2 Armour
 + Level 5.6 Dodging
 - Level 4.1 Stealth


You had 8 spell levels left.
You didn't know any spells.
Your spell library was empty.

Dungeon Overview and Level Annotations

Branches:
Dungeon (7/15)             Temple (1/1) D:4

Altars:
Ashenzari
Cheibriados
Dithmenos
Elyvilon
Fedhas
Gozag
Hepliaklqana
Kikubaaqudgha
Makhleb
Nemelex Xobeh
Okawaru
Qazlal
Sif Muna
Trog
Uskayaw
Vehumet
Wu Jian
Xom
Yredelemnul
The Shining One

Annotations:
D:7 Pikel


Innate Abilities, Weirdness & Mutations

You have a beak for a mouth.
You have claws for feet.
You can fly continuously.


Message History

You reach to attack!
You puncture Pikel!
Pikel is moderately wounded.
You barely miss Pikel. Your kick misses Pikel. You peck Pikel.
Pikel is heavily wounded.
The slave misses you.
You puncture Pikel! You claw Pikel.
Pikel is severely wounded.
Pikel misses you.
You barely miss Pikel. Your kick misses Pikel. Your peck misses Pikel.
Pikel is severely wounded.
The slave barely misses you.
You barely miss Pikel. Your kick misses Pikel.
Pikel is severely wounded.
Pikel zaps a wand.
You are blasted!
* * * LOW HITPOINT WARNING * * *
The slave hits you but does no damage.
You puncture Pikel!
Pikel is almost dead.
Pikel zaps a wand.
You are blasted!
You die...

. # [ #..... .#####.
#....# ..... #....#
##...# #
##..p.####....###.##
..........pK.......
#..# ####@.......
#..####.).........
#.<..((.##†.......
#........#.........
#..#..........!....#
#[........@..........
#..#..?.)...........#.
...##................#
..# #.................


You could see Pikel and a slave.

Vanquished Creatures
  Joseph (D:7)
  Maggie (D:6)
  Sigmund (D:3)
  3 slaves (D:7)
  4 ogres
  An ice beast (D:5)
  A centaur (D:5)
  Blork the orc (D:6)
  2 bullfrogs (D:5)
  2 scorpions
  4 wights (D:6)
  A howler monkey (D:4)
  A bullfrog zombie (D:7)
  3 hounds
  A centaur skeleton (D:5)
  Jessica (D:3)
  Terence (D:3)
  5 orc wizards
  5 worker ants
  A killer bee zombie (D:6)
  A hound skeleton (D:4)
  A worker ant zombie (D:5)
  3 gnolls (D:6)
  5 adders
  7 river rats (D:5)
  A shadow imp (D:6)
  An ooze (D:2)
  2 adder skeletons (D:5)
  3 dart slugs
  3 worms
  7 leopard geckos
  22 orcs
  8 giant cockroaches
  5 hobgoblins
  7 jackals
  5 quokkas
  A ball python (D:6)
  4 bats
  7 frilled lizards
  7 goblins
  A jackal skeleton (D:4)
  9 kobolds
  16 rats
166 creatures vanquished.

Notes
Turn   | Place    | Note
-------+----------+-------------------------------------------
     0 | D:1      | Aviak the Tengu Berserker began the quest for the Orb.
     0 | D:1      | Reached XP level 1. HP: 14/14 MP: 2/2
   353 | D:1      | Reached XP level 2. HP: 15/19 MP: 3/3
   800 | D:1      | Reached XP level 3. HP: 23/23 MP: 4/4
  1233 | D:2      | Reached skill level 4 in Polearms
  1234 | D:2      | Reached ** piety under Trog
  1253 | D:2      | Found a snail-covered altar of Cheibriados.
  1277 | D:2      | Reached XP level 4. HP: 13/29 MP: 5/5
  1762 | D:2      | Found a sparkling altar of Nemelex Xobeh.
  2219 | D:3      | Noticed Terence
  2240 | D:3      | Killed Terence
  2347 | D:3      | Noticed Jessica
  2351 | D:3      | Killed Jessica
  2351 | D:3      | Gained mutation: You can fly continuously. [Tengu growth]
  2351 | D:3      | Reached XP level 5. HP: 33/33 MP: 6/6
  2611 | D:3      | Noticed Sigmund
  2621 | D:3      | Killed Sigmund
  2621 | D:3      | Reached skill level 6 in Polearms
  2621 | D:3      | Reached skill level 1 in Stealth
  2621 | D:3      | Reached XP level 6. HP: 39/39 MP: 7/7
  2801 | D:3      | Reached *** piety under Trog
  2926 | D:3      | Found an iron altar of Okawaru.
  3095 | D:4      | Found a staircase to the Ecumenical Temple.
  3161 | Temple   | Entered the Ecumenical Temple
  3412 | D:4      | Reached XP level 7. HP: 44/44 MP: 8/8
  3415 | D:4      | Reached skill level 7 in Polearms
  3922 | D:4      | Reached skill level 5 in Fighting
  4036 | D:4      | Found a white marble altar of Elyvilon.
  4345 | D:4      | Reached XP level 8. HP: 49/49 MP: 9/9
  4354 | D:4      | Found a shimmering blue altar of Sif Muna.
  4427 | D:5      | Entered Level 5 of the Dungeon
  4443 | D:5      | Reached skill level 8 in Polearms
  4491 | D:5      | Reached **** piety under Trog
  4662 | D:5      | Found an ornate altar of the Wu Jian Council.
  5136 | D:5      | Reached skill level 9 in Polearms
  5367 | D:5      | Found a bloodstained altar of Trog.
  5367 | D:5      | Found an opulent altar of Gozag.
  5367 | D:5      | Found a radiant altar of Vehumet.
  5369 | D:5      | Found a hazy altar of Hepliaklqana.
  6122 | D:6      | Reached XP level 9. HP: 53/55 MP: 10/10
  6197 | D:6      | Reached skill level 10 in Polearms
  6262 | D:6      | Noticed Blork the orc
  6267 | D:6      | Killed Blork the orc
  6325 | D:6      | Noticed Maggie
  6344 | D:6      | Killed Maggie
  6344 | D:6      | Reached skill level 5 in Dodging
  6346 | D:6      | Reached ***** piety under Trog
  6715 | D:6      | Found a glowing golden altar of the Shining One.
  6900 | D:7      | Noticed Joseph
  6921 | D:7      | Killed Joseph
  6930 | D:7      | Noticed Pikel
  6938 | D:7      | HP: 1/84 [disintegration (33)]
  6939 | D:7      | Blown up by Pikel

Illustrated notes

Levels and vault maps discovered:
D:1:      nzn_arrival_crosshair, layout_basic, minivault_11,
          minmay_misc_feat_five
D:2:      layout_rooms, overflow_temple_1_default, overflow_temple_1_default,
          minmay_domino_2
D:3:      layout_basic, kennysheep_okawaru_gauntlet, serial_forest,
          infiniplex_forest_clump_long, infiniplex_forest_end_3,
          infiniplex_forest_corner_2, infiniplex_forest_clump_double,
          infiniplex_forest_corner_2, infiniplex_forest_straight_4,
          uniq_sigmund, uniq_jessica, uniq_terence
D:4:      layout_cave_pods, nicolae_overflow_crystal_walls,
          kennysheep_little_box, minmay_temple_entry_glass
D:5:      lemuel_ratsnest, layout_cave_pods, lemuel_crystal_altar, minitemple,
          first_ration
D:6:      layout_basic, tso_altar, uniq_blork_the_orc, uniq_maggie
D:7:      layout_rooms, zin_statuary, lemuel_altar_in_water,
          uniq_crazy_yiuf_cottage, uniq_pikel, uniq_joseph
Temple:   compressed_dpeg_triangle_lava_temple

Skill      XL: |  1  2  3  4  5  6  7  8  9 |
---------------+----------------------------+-----
Polearms       | 4 6 7 9 10 | 10.5
Fighting       | 4 5 6 |  6.4
Dodging        | 3 4 5 |  5.6
Stealth        | 1 2 3 4 |  4.1
Armour         | 3 |  3.2

Action                   |  1- 3 |  4- 6 |  7- 9 || total
-------------------------+-------+-------+-------++-------
Melee: Spear             |    87 |    51 |       ||   138
       Kick              |    17 |    17 |    79 ||   113
       Peck              |     9 |    14 |    56 ||    79
       Trident           |       |    54 |   297 ||   351
Invok: Berserk           |     2 |     2 |     6 ||    10
 Abil: Fly               |       |       |     1 ||     1
  Use: Scroll            |       |     2 |     8 ||    10
       Potion            |       |       |     1 ||     1
 Stab: Distracted        |     1 |       |       ||     1
       Sleeping          |       |       |    10 ||    10
  Eat: Chunk             |     3 |     8 |    13 ||    24
       Ration            |       |       |     1 ||     1
Armor: Animal skin       |    12 |     1 |       ||    13
       Ring mail         |       |     6 |       ||     6
       Leather armour    |       |     7 |    36 ||    43
Dodge: Dodged            |    35 |    38 |   146 ||   219

Table legend:
 A = Non-vault XP
 B = Vault XP
 C = Vault XP percentage of total XP
 D = Non-vault monster count
 E = Vault monster count
 F = Vault count percentage of total count
                 A         B        C        D         E       F
            +---------+---------+-------+---------+---------+-------
      Total |    2117 |    1561 |  42.4 |     132 |      31 |  19.0
            +---------+---------+-------+---------+---------+-------
        D:1 |      43 |       0 |   0.0 |      28 |       0 |   0.0
        D:2 |      66 |       3 |   4.3 |      21 |       1 |   4.5
        D:3 |      83 |     315 |  79.1 |      16 |       5 |  23.8
        D:4 |     716 |       0 |   0.0 |      27 |       0 |   0.0
        D:5 |     522 |     276 |  34.6 |      12 |      22 |  64.7
        D:6 |     595 |     496 |  45.5 |      25 |       2 |   7.4
        D:7 |      92 |     471 |  83.7 |       3 |       1 |  25.0
            +---------+---------+-------+---------+---------+-------
